 Dungeon Crawl Stone Soup version 0.30-a0-305-g026cb31310 (webtiles) character file.

Game seed: 6480017189900060602

3035 Lanoc the Grappler (level 9, -1/75 (87) HPs)
             Began as a Troll Transmuter on Oct 21, 2022.
             Was a Follower of Cheibriados.
             Slain by an orc warrior
             ... wielding a +0 great sword
              (6 damage)
             ... on level 7 of the Dungeon.
             The game lasted 00:11:57 (6023 turns).

Lanoc the Grappler (Troll Transmuter)               Turns: 6023, Time: 00:11:57

HP:   -1/75 (87)    AC:  5    Str: 22    XL:     9   Next: 56%
MP:   8/9           EV: 12    Int: 13    God:    Cheibriados [*.....]
Gold: 525           SH:  5    Dex: 17    Spells: 7/10 levels left

rFire   + . .      SeeInvis .      - Unarmed
rCold   + . .      Faith    .    (no shield)
rNeg    . . .      Spirit   .    a - +1 robe
rPois   .          Reflect  +    (helmet unavailable)
rElec   .          Harm     .    (no cloak)
rCorr   +          Rampage  .    (gloves unavailable)
Will    .....                    (boots unavailable)
Stlth   ++........               q - amulet of reflection
HPRegen 1.12/turn                A - ring of Ycziytea {rF+ rC+ rCorr}
MPRegen 0.11/turn                (no ring)

@: appendages (expiring), wereblooded (expiring), heavily drained, very slow
A: horns 3, talons 2, large, unfitting armour, claws 3, regeneration 1, shaggy
fur 1, tough skin 1, agile 1, dopey 1
a: End Transformation, Renounce Religion, Bend Time


You were on level 7 of the Dungeon.
You worshipped Cheibriados.
Cheibriados was aware of your devotion.
You had temporarily grown beastly horns and talons.
You visited 2 branches of the dungeon, and saw 8 of its levels.
You also visited: Ossuary.

You collected 564 gold pieces.
You spent 39 gold pieces at shops.

Inventory:

Missiles
 c - 5 atropa-tipped darts
Armour
 a - a +1 robe (worn)
Jewellery
 q - an amulet of reflection (around neck)
 A - the ring of Ycziytea (left claw) {rF+ rC+ rCorr}
   (You acquired it on level 7 of the Dungeon)

   [ring of resist corrosion]

   rF:        It protects you from fire.
   rC:        It protects you from cold.
   rCorr:     It protects you from acid and corrosion.
Scrolls
 f - a scroll of enchant armour
 g - 2 scrolls of vulnerability {unknown}
 i - a scroll of silence {unknown}
 k - 2 scrolls of teleportation
 r - a scroll of poison
 s - 2 scrolls of amnesia
 t - a scroll of fear
 v - a scroll of magic mapping {unknown}
 w - a scroll of torment {unknown}
 y - a scroll of immolation {unknown}
 B - 2 scrolls of identify
Potions
 b - 5 potions of lignification
 d - 4 potions of degeneration {unknown}
 e - 2 potions of heal wounds {unknown}
 h - 3 potions of mutation
 j - 3 potions of might {unknown}
 l - 7 potions of curing
 m - 2 potions of resistance {unknown}
 n - a potion of invisibility {unknown}
 o - a potion of attraction
 p - 2 potions of brilliance {unknown}
 u - 2 potions of haste
 x - 3 potions of flight {unknown}
 z - a potion of cancellation {unknown}


   Skills:
 + Level 4.9 Fighting
 + Level 5.2 Dodging
 * Level 9.1 Unarmed Combat
 - Level 1.2 Spellcasting
 + Level 4.7 Transmutations


You had 7 spell levels left.
You knew the following spells:

 Your Spells              Type           Power      Damage    Failure   Level
a - Beastly Appendage     Tmut           26%        N/A       4%          1
b - Wereblood             Tmut           13%        N/A       6%          2

Your spell library contained the following spells:

 Spells                   Type           Power      Damage    Failure   Level
 Passwall                 Tmut/Erth      5%         N/A       16%         2
 Magic Dart               Conj           0%         1d3       28%         1
 Spider Form              Tmut/Pois      6%         N/A       30%         3
 Call Imp                 Summ           0%         N/A       38%         2
 Cigotuvi's Dreadful Rot  Necr/Pois/Air  0%         N/A       38%         2
 Ensorcelled Hibernation  Hex/Ice        0%         N/A       38%         2
 Poisonous Vapours        Pois/Air       0%         N/A       38%         2
 Mephitic Cloud           Conj/Pois/Air  0%         N/A       63%         3
 Swiftness                Air            0%         N/A       63%         3
 Tukima's Dance           Hex            0%         N/A       63%         3
 Ice Form                 Ice/Tmut       6%         N/A       71%         4
 Passage of Golubria      Tloc           0%         N/A       95%         4
 Yara's Violent Unravell  Hex/Tmut       3%         3d4       96%         5


Dungeon Overview and Level Annotations

Branches:
Dungeon (7/15)             Temple (1/1) D:4         Ossuary (visited)

Altars:
Ashenzari
Cheibriados
Dithmenos
Elyvilon
Hepliaklqana
Kikubaaqudgha
Makhleb
Okawaru
Qazlal
Ru
Sif Muna
Trog
Uskayaw
Vehumet
Xom
Yredelemnul
Zin

Shops:
D:2 ?   D:3 *   D:7 [

Annotations:
D:7 gruber's ghost, novice DrCj


Innate Abilities, Weirdness & Mutations

You have temporarily grown beastly horns and talons.
You are too large for most types of armour.
You have claws for hands.
Your natural rate of healing is unusually fast.
You are covered in fur. (AC +1)
You have tough skin. (AC +1)
You are agile. (Dex +4, Str/Int -1)
You are dopey. (Int -2)


Message History

The magic dart hits you. You block the orc warrior's attack.
The orc closely misses you.
You completely miss the orc.
You howl as the wereblood boils in your veins!
Gruber's ghost hits you.
You feel drained.
The orc warrior hits you with a +0 great sword!
The orc hits you but does no damage.
You miss gruber's ghost. Your kick misses gruber's ghost.
Your headbutt misses gruber's ghost.
Your transformation is almost over.
Your primal bloodlust is almost over.
You block gruber's ghost's attack. You block the orc warrior's attack.
You closely miss gruber's ghost. Your kick misses gruber's ghost.
Your headbutt misses gruber's ghost. Gruber's ghost hits you.
You feel drained. You block the orc warrior's attack.
The orc completely misses you.
You miss gruber's ghost. You claw gruber's ghost.
Gruber's ghost is lightly damaged.
The orc priest invokes the aid of Beogh against you.
Beogh smites you!
* * * LOW HITPOINT WARNING * * *
Gruber's ghost gestures at you while chanting.
The magic dart hits you.
* * * LOW HITPOINT WARNING * * *
You block the orc warrior's attack. The orc hits you but does no damage.
You scratch the orc priest. You headbutt the orc priest!
You feel a bit better.
You kill the orc priest!
Cheibriados thoroughly appreciates the change of pace.
You howl as the wereblood boils in your veins!
You miss gruber's ghost. Your kick misses gruber's ghost.
Gruber's ghost is lightly damaged.
You howl as the wereblood boils in your veins!
The orc warrior hits you with a +0 great sword!
* * * LOW HITPOINT WARNING * * *
The orc barely misses you.
Gruber's ghost gestures at you while chanting.
The magic dart hits you.
* * * LOW HITPOINT WARNING * * *
It was a potion of mutation.
You feel extremely strange.
You feel agile.
You feel stupid. The horns on your head grow some more.
The orc warrior hits you with a +0 great sword.
You die...

...# #.###.....8############.#
#### #.##..###..#..... #..##.# .#
#.##.......#..##. ##.##.# .#
#.##.#.....#..#8..##.##.# .#
#.......>..#..##..#.....#
.########...##...#.#....##.######
......# #........'.#....##.......
.####.###..###.)oW.#.8._#.......#
.......##..###..@o.#o..[#.##.#..#
.......##.......o#.#....#.##....#
.......##...##...#..##..#.##.##.#
.......##........#..#8..#.##.....
.#####.###..###..#..##..#.....>.#
.# #.##...# #..#.....8####.####
.# #.##.#.# #.8###########.# .###
#.##.#.######....<......# ...#
#................[.^#####


You could see an orc warrior, gruber's ghost and 2 orcs.

Vanquished Creatures
  The ghost of Sapher the Geomancer, a novice MeEE (D:6)
  Joseph (D:7)
  Prince Ribbit (D:6)
  A steam dragon (D:7)
  A water moccasin (D:7)
  The ghost of RatherSlowDeath the Sneak, an amateur VSBr of Uskayaw (D:4)
  A sky beast (D:6)
  An ice beast (D:5)
  2 black bears (D:7)
  An ogre (D:4)
  2 phantoms (D:5)
  4 bullfrogs
  A necrophage (D:7)
  2 scorpions
  A howler monkey (D:5)
  A crimson imp (D:6)
  2 jellies
  A hound (D:4)
  8 orc priests
  2 orc wizards
  2 iguanas
  8 mummies (Ossuary)
  A gnoll (D:1)
  5 adders
  A shadow imp (D:5)
  A white imp (D:7)
  4 worms
  3 dart slugs (D:4)
  17 orcs
  7 ball pythons
  9 endoplasms
  5 giant cockroaches
  5 goblins
  12 hobgoblins
  A quokka (D:5)
  6 bats
  3 frilled lizards
  A gnoll zombie (Ossuary)
  3 hobgoblin zombies (Ossuary)
  7 kobolds
  3 kobold zombies (Ossuary)
  An orc zombie (Ossuary)
  6 rats
  A spectral orc (D:3)
147 creatures vanquished.

Notes
Turn   | Place    | Note
-------+----------+-------------------------------------------
     0 | D:1      | Lanoc the Troll Transmuter began the quest for the Orb.
     0 | D:1      | Reached XP level 1. HP: 18/18 MP: 1/1
   126 | D:1      | Reached skill level 1 in Fighting
   134 | D:1      | Reached XP level 2. HP: 24/27 MP: 2/2
   171 | D:1      | Learned a level 2 spell: Wereblood
   324 | D:1      | Reached XP level 3. HP: 33/33 MP: 3/3
   730 | D:2      | Found an iron altar of Okawaru.
   767 | D:2      | Reached XP level 4. HP: 31/41 MP: 4/4
   824 | D:2      | Reached skill level 4 in Unarmed Combat
   909 | D:2      | Found Xytaschod's Magic Scroll Boutique.
  1192 | D:3      | Reached XP level 5. HP: 39/49 MP: 5/5
  1342 | D:3      | Found a hide-covered altar of Uskayaw.
  1342 | D:3      | Noticed a +0 dagger
  1342 | D:3      | Noticed a +0 short sword
  1343 | D:3      | Noticed a +0 short sword
  1344 | D:3      | Noticed a +0 falchion
  1364 | D:3      | Noticed a +0 falchion
  1373 | D:3      | Noticed a +0 spear
  1374 | D:3      | Noticed a +0 spear
  1375 | D:3      | Noticed a +0 dagger
  1468 | D:3      | Found a hazy altar of Hepliaklqana.
  1541 | D:3      | Found Luzimuw's General Store.
  1552 | D:3      | Bought a potion of curing for 39 gold pieces
  1709 | D:4      | Found a staircase to the Ecumenical Temple.
  1936 | D:4      | Noticed an ogre
  1937 | D:4      | Found a sand-covered staircase.
  1942 | Ossuary  | Entered an ossuary
  1963 | Ossuary  | Reached XP level 6. HP: 39/57 MP: 3/6
  1977 | Ossuary  | Reached skill level 5 in Unarmed Combat
  2234 | D:4      | Noticed RatherSlowDeath's ghost (amateur VSBr)
  2238 | D:4      | Found a runed translucent gate.
  2238 | D:4      | Found a runed translucent gate.
  2240 | D:4      | Found a runed translucent gate.
  2987 | D:4      | Killed RatherSlowDeath's ghost
  2988 | D:4      | Reached XP level 7. HP: 58/66 MP: 4/7
  3057 | D:5      | Entered Level 5 of the Dungeon
  3077 | D:5      | Found a shadowy altar of Dithmenos.
  3218 | Temple   | Entered the Ecumenical Temple
  3556 | Temple   | Became a worshipper of Cheibriados the Contemplative
  3609 | D:5      | Reached skill level 6 in Unarmed Combat
  3779 | D:5      | Found a glowing silver altar of Zin.
  3834 | D:5      | Found a bloodstained altar of Trog.
  3932 | D:5      | Reached XP level 8. HP: 71/75 MP: 5/8
  4706 | D:6      | Found a runed translucent door.
  4711 | D:6      | Noticed Sapher's ghost (novice MeEE)
  4728 | D:6      | Killed Sapher's ghost
  4729 | D:6      | Reached skill level 7 in Unarmed Combat
  4815 | D:6      | Found a burning altar of Makhleb.
  4816 | D:6      | Found a shimmering altar of Xom.
  4883 | D:6      | Noticed Prince Ribbit
  4898 | D:6      | Killed Prince Ribbit
  4899 | D:6      | Reached skill level 8 in Unarmed Combat
  4900 | D:6      | Reached * piety under Cheibriados
  5069 | D:6      | Found a shimmering blue altar of Sif Muna.
  5189 | D:7      | Reached XP level 9. HP: 21/85 MP: 6/9
  5191 | D:7      | Identified the +3 leather armour of Sin {Str+5}
  5423 | D:7      | Found a runed translucent gate.
  5423 | D:7      | Found a runed translucent gate.
  5428 | D:7      | Found a runed translucent gate.
  5437 | D:7      | Identified a scroll of acquirement
  5438 | D:7      | Acquired the ring of Ycziytea {rF+ rC+ rCorr}
  5443 | D:7      | Noticed gruber's ghost (novice DrCj)
  5533 | D:7      | Noticed Joseph
  5540 | D:7      | Killed Joseph
  5541 | D:7      | Reached skill level 5 in Dodging
  5744 | D:7      | Reached skill level 9 in Unarmed Combat
  5802 | D:7      | Found Duiphar's Antique Armour Shop.
  6023 | D:7      | Gained mutation: You are agile. (Dex +4, Str/Int -1)
                  | [potion of mutation]
  6023 | D:7      | Gained mutation: You are dopey. (Int -2) [potion of
                  | mutation]
  6023 | D:7      | Gained mutation: You have a pair of large horns on your
                  | head. [potion of mutation]
  6023 | D:7      | Slain by an orc warrior

Illustrated notes

Levels and vault maps discovered:
D:1:      amcnicky_arrival_flooded_fountain, layout_loops_ring,
          minmay_misc_feat_room
D:2:      layout_rooms, serial_shops, nicolae_shop_behind_doors, basic_altar
D:3:      layout_rooms, nicolae_uskayaw_en_pointe,
          nicolae_hepliaklqana_monster_ancestors, serial_shops,
          nicolae_shop_waterfront
D:4:      layout_loops_corners, minmay_temple_entry_hall, enter_ossuary_2,
          gammafunk_ghost_split
D:5:      layout_basic, kennysheep_mini, mainiacjoe_overflow_small_starburst,
          bloody_trog, minmay_misc_feat_nine_boxes
D:6:      layout_gridville, grunt_temple_overflow_champion_of_chaos,
          kennysheep_mini_moat, ebering_ghost_sewer_d, uniq_prince_ribbit1
D:7:      layout_loops_cross, serial_shops, nicolae_shop_statue_plus,
          biasface_ghost_orc_armoury, uniq_joseph
Temple:   compressed_dpeg_triangle_lava_temple

Skill      XL: |  1  2  3  4  5  6  7  8  9 |
---------------+----------------------------+-----
Fighting       | 1 2 3 4 |  4.9
Dodging        | 2 3 4 5 |  5.2
Transmutations | 2 3 4 |  4.7
Unarmed Combat | 4 5 6 8 9 |  9.1
Spellcasting   | |  1.2

Action                   |  1- 3 |  4- 6 |  7- 9 || total
-------------------------+-------+-------+-------++-------
Melee: Unarmed           |    95 |   146 |   159 ||   400
       Punch             |     1 |     2 |     7 ||    10
       Kick              |       |    13 |    23 ||    36
       Headbutt          |       |     5 |    15 ||    20
 Cast: Beastly Appendage |       |     9 |    17 ||    26
       Wereblood         |       |     7 |     9 ||    16
  Use: Scroll            |       |     9 |     2 ||    11
       Potion            |       |       |     1 ||     1
Armor: Robe              |    32 |    26 |    38 ||    96
Dodge: Dodged            |    48 |    49 |    59 ||   156
Block: Other             |       |     4 |    37 ||    41
       Reflection        |       |       |     1 ||     1

Table legend: (Time is in decaauts)
 A = Elapsed time spent in this place.
 B = Non-inter-level travel time spent in this place.
 C = Inter-level travel time spent in this place.
 D = Time resting spent in this place.
 E = Time spent auto-exploring this place.
 F = Levels seen in this place.
 G = Mean time per level.
                   A        B        C        D        E       F      G
               +--------+--------+--------+--------+--------+-----+--------+
         Total |   6624 |   6219 |    405 |      0 |   5145 |   9 |  736.0 |
       Dungeon |   6058 |   5685 |    373 |      0 |   4698 |   7 |  865.4 |
        Temple |    352 |    321 |     31 |      0 |    312 |   1 |  352.0 |
       Ossuary |    214 |    214 |      0 |      0 |    135 |   1 |  214.0 |
               +--------+--------+--------+--------+--------+-----+--------+

Top non-repeatable levels by time:
     D:5: 1248 daAuts
     D:4: 1178 daAuts
     D:7: 1132 daAuts
     D:6: 793 daAuts
     D:1: 622 daAuts
     D:3: 594 daAuts
     D:2: 488 daAuts
  Temple: 352 daAuts
 Ossuary: 214 daAuts
